 Dungeon Crawl Stone Soup version 0.30-a0-242-g7bf8e6d787 (webtiles) character file.

Game seed: 5048297397892881884

16 ImHallYall the Trooper (level 2, -2/24 HPs)
             Began as a Demonspawn Fighter on Oct 11, 2022.
             Slain by a black bear (4 damage)
             ... on level 3 of the Dungeon.
             The game lasted 00:04:13 (1666 turns).

ImHallYall the Trooper (Demonspawn Fighter)         Turns: 1666, Time: 00:04:14

Health: -2/24      AC:  6    Str: 16    XL:     2   Next: 41%
Magic:  2/2        EV:  8    Int:  9    God:
Gold:   123        SH:  4    Dex: 12    Spells: 1/1 levels left

rFire   . . .      SeeInvis +    j - +1 rapier (drain)
rCold   . . .      Faith    .    c - +0 buckler
rNeg    . . .      Spirit   .    b - +0 scale mail
rPois   .          Reflect  .    (no helmet)
rElec   .          Harm     .    (no cloak)
rCorr   .          Rampage  .    (no gloves)
Will    .....                    (no boots)
Stlth   ..........               (no amulet)
HPRegen 0.24/turn                g - ring of see invisible
MPRegen 0.08/turn                (no ring)

@: no status effects
A: weakness stinger 1
a: no special abilities


You were on level 3 of the Dungeon.
You visited 1 branch of the dungeon, and saw 3 of its levels.

You collected 123 gold pieces.

Inventory:

Hand Weapons
 a - a +0 trident
 j - a +1 rapier of draining (weapon)
Armour
 b - a +0 scale mail (worn)
 c - a +0 buckler (worn)
Jewellery
 g - a ring of see invisible (left hand)
Scrolls
 f - a scroll of poison
 h - a scroll of enchant armour {unknown}
 i - a scroll of teleportation {unknown}
 l - a scroll of noise {unknown}
Potions
 d - a potion of might
 e - 2 potions of invisibility {unknown}
 k - a potion of flight {unknown}
 m - a potion of magic {unknown}
 n - a potion of haste {unknown}


   Skills:
 + Level 3.2 Fighting
 + Level 2.0 Polearms
 + Level 3.0 Armour
 + Level 2.8 Shields


You had one spell level left.
You didn't know any spells.
Your spell library contained the following spells:

 Spells                   Type           Power      Damage    Failure   Level
 Sting                    Tmut/Pois      0%         1d3       88%         1
 Poisonous Vapours        Pois/Air       0%         N/A       96%         2
 Olgreb's Toxic Radiance  Pois           0%         N/A       100%        4


Dungeon Overview and Level Annotations

Branches:
Dungeon (3/15)

Altars:
Sif Muna


Innate Abilities, Weirdness & Mutations

You have a small tail.


Message History

The black bear is moderately wounded.
The bat hits you but does no damage.
The black bear bites you but does no damage.
The black bear barely misses you.
The black bear claws you but does no damage.
You closely miss the black bear.
The black bear is moderately wounded.
The bat barely misses you. You block the black bear's attack.
The black bear barely misses you. You block the black bear's attack.
The black bear bites you but does no damage.
The black bear closely misses you. The black bear claws you.
* * * LOW HITPOINT WARNING * * *
You hit the black bear.
The black bear is heavily wounded.
You block the bat's attack. The black bear barely misses you. x3
You closely miss the black bear.
The black bear is heavily wounded.
The bat hits you.
* * * LOW HITPOINT WARNING * * *
The black bear bites you but does no damage.
The black bear claws you but does no damage.
The black bear claws you.
* * * LOW HITPOINT WARNING * * *
You barely miss the black bear.
The black bear is heavily wounded.
The bat closely misses you. You block the black bear's attack.
The black bear claws you but does no damage.
You block the black bear's attack.
You hit the black bear. You drain the black bear. You tail-slap the black bear.
The black bear is severely wounded.
The bat hits you.
* * * LOW HITPOINT WARNING * * *
The black bear goes berserk!
You hit the black bear.
The black bear is almost dead.
You block the bat's attack. The black bear closely misses you.
The black bear claws you but does no damage.
The black bear barely misses you. The bat hits you but does no damage.
The black bear bites you.
You die...

### #.. #.# ##
#.# # ##.# #.#
.#..
#.#.##.##.....
##.#....@hS.....
.......b.###>##.
.......$.....#
####.######..#
#. .# # #


You could see a black bear (berserk, drained), a bat and a ball python.

Vanquished Creatures
  2 bats
  4 endoplasms
  A goblin (D:1)
  A quokka (D:2)
  4 ball pythons
  2 kobolds
14 creatures vanquished.

Notes
Turn   | Place    | Note
-------+----------+-------------------------------------------
     0 | D:1      | ImHallYall the Demonspawn Fighter began the quest for the
                  | Orb.
     0 | D:1      | Reached XP level 1. HP: 18/18 MP: 1/1
   651 | D:2      | Gained mutation: You have a small tail. [demonic ancestry]
   651 | D:2      | Reached XP level 2. HP: 24/24 MP: 2/2
  1264 | D:2      | Found a shimmering blue altar of Sif Muna.
  1652 | D:3      | Noticed a black bear
  1666 | D:3      | Slain by a black bear

Illustrated notes

Levels and vault maps discovered:
D:1:      roderic_octagonal_star, layout_basic, minmay_pentomino_z2
D:2:      layout_basic, basic_altar, hangedman_abyss_or_decor_stabs,
          nicolae_figureground_pulse
D:3:      layout_loops_ring, nzn_wu_jian_council_hall,
          chequers_temple_overflow_minitemple, lemuel_doored_altar,
          elyvilon_altar_5, kennysheep_vampire_church,
          cheibrodos_sewer_entry_sluice

Skill      XL: |  1  2 |
---------------+-------+-----
Polearms       | 2 |  2.0
Armour         | 3 |  3.0
Fighting       | |  3.2
Shields        | |  2.8

Action                   || total
-------------------------++-------
Melee: Trident           ||    18
       Rapier            ||    22
       Tailslap          ||     2
  Use: Scroll            ||     1
Armor: Scale mail        ||    33
Dodge: Dodged            ||    25
Block: Buckler           ||    10

Table legend: (Time is in decaauts)
 A = Elapsed time spent in this place.
 B = Non-inter-level travel time spent in this place.
 C = Inter-level travel time spent in this place.
 D = Time resting spent in this place.
 E = Time spent auto-exploring this place.
 F = Levels seen in this place.
 G = Mean time per level.
                   A        B        C        D        E       F      G
               +--------+--------+--------+--------+--------+-----+--------+
         Total |   1674 |   1674 |      0 |    300 |    961 |   3 |  558.0 |
       Dungeon |   1674 |   1674 |      0 |    300 |    961 |   3 |  558.0 |
               +--------+--------+--------+--------+--------+-----+--------+

Top non-repeatable levels by time:
     D:2: 1051 daAuts
     D:1: 606 daAuts
     D:3: 16 daAuts
